 Dungeon Crawl Stone Soup version 0.30.1-3-gfc49f6343a (webtiles) character file.

Game seed: 11385085652195389567

6955 FallenXxXSky the Slicer (level 11, -2/97 HPs)
             Began as a Human Chaos Knight on July 21, 2023.
             Was a Believer of Makhleb.
             Succumbed to a cane toad's poison
             ... on level 1 of the Lair of Beasts.
             The game lasted 00:21:53 (11866 turns).

FallenXxXSky the Slicer (Human Chaos Knight)       Turns: 11866, Time: 00:21:54

Health: -2/97      AC: 18    Str: 20    XL:     11   Next: 28%
Magic:  16/16      EV: 13    Int:  9    God:    Makhleb [**....]
Gold:   461        SH:  5    Dex: 13    Spells: 10/10 levels left

rFire   . . .        b - +1 dagger (venom)
rCold   . . .        (no shield)
rNeg    . . .        B - +4 chain mail {rC+}
rPois   .            E - +0 helmet
rElec   .            i - +0 cloak
rCorr   .            (no gloves)
SInv    +            (no boots)
Will    .....        m - amulet of reflection Stlth
                     t - +5 ring of evasion
HPRegen 0.36/turn    v - ring of see invisible
MPRegen 0.15/turn

%: reflection
@: lethally poisoned (-2 -> -41), unable to drink
A: fangs 1, dopey 1, robust 1, shaggy fur 1, strong 1, cold vulnerability 1,
inability to drink after injury 1, noise suppression
a: Renounce Religion, Minor Destruction


You were on level 1 of the Lair of Beasts.
You worshipped Makhleb.
Makhleb was pleased with you.
You visited 3 branches of the dungeon, and saw 11 of its levels.
You also visited: Sewer.

You collected 536 gold pieces.
You spent 75 gold pieces at shops.

Inventory:

Hand Weapons
 b - a +1 dagger of venom (weapon)
 w - a +2 short sword of protection
 x - a +4 scimitar
Armour
 i - a +0 cloak (worn)
 B - a +4 chain mail of cold resistance (worn)
 E - a +0 helmet (worn)
Jewellery
 a - a ring of flight
 m - an amulet of reflection (around neck)
 t - a +5 ring of evasion (left hand)
 v - a ring of see invisible (right hand)
Wands
 y - a wand of roots (8)
Scrolls
 e - a scroll of fear
 h - a scroll of identify
 j - 7 scrolls of teleportation
 p - 2 scrolls of enchant weapon
 r - 4 scrolls of vulnerability
 s - 3 scrolls of magic mapping
 D - a scroll of noise
 F - a scroll of silence
 G - a scroll of enchant armour
Potions
 d - 3 potions of degeneration
 f - 4 potions of might
 g - a potion of berserk rage
 l - 3 potions of mutation
 n - a potion of brilliance
 o - 8 potions of curing
 q - 3 potions of magic
 u - 2 potions of heal wounds
 A - 3 potions of haste
 C - 3 potions of flight {unknown}
 I - a potion of cancellation {unknown}
 J - a potion of resistance {unknown}
Miscellaneous
 c - a piece from Xom's chessboard (15/15) (quivered)


   Skills:
 + Level 9.2 Fighting
 - Level 9.5(10.0) Short Blades
 + Level 5.0(7.9) Long Blades
 + Level 7.8 Armour
 - Level 1.0 Dodging
 + Level 6.9 Invocations


You had 10 spell levels left.
You didn't know any spells.
Your spell library contained the following spells:

 Spells                   Type           Power      Damage    Failure   Level
 Freeze                   Ice            0%         1d3       94%         1
 Sandblast                Erth           0%         2d4       94%         1
 Passwall                 Tmut/Erth      0%         N/A       98%         2
 Sublimation of Blood     Necr           0%         N/A       98%         2
 Wereblood                Tmut           0%         N/A       98%         2
 Frozen Ramparts          Ice            0%         1d1       100%        3
 Hailstorm                Conj/Ice       0%         3d3       100%        3
 Stone Arrow              Conj/Erth      0%         3d7       100%        3
 Tukima's Dance           Hex            0%         N/A       100%        3
 Vhi's Electric Charge    Tloc/Air       0%         N/A       100%        3
 Passage of Golubria      Tloc           0%         N/A       100%        4
 Arcjolt                  Conj/Air       0%         1d10      100%        5
 Iskenderun's Battlesphe  Conj           0%         2d6       100%        5
 Lee's Rapid Deconstruct  Erth           0%         3d4*      100%        5
 Yara's Violent Unravell  Hex/Tmut       0%         3d3       100%        5
 Iron Shot                Conj/Erth      0%         9d1       100%        6
 Plasma Beam              Fire/Air       0%         2x1d11    100%        6
 Statue Form              Tmut/Erth      0%         N/A       100%        6
 Spellforged Servitor     Conj/Summ      0%         N/A       100%        7
 Summon Hydra             Summ           0%         N/A       100%        7


Dungeon Overview and Level Annotations

Branches:
Dungeon (9/15)             Temple (1/1) D:4            Lair (1/5) D:9
    Orc (0/2) D:9           Sewer (visited)

Altars:
Cheibriados
Dithmenos
Elyvilon
Fedhas
Hepliaklqana
Kikubaaqudgha
Makhleb
Nemelex Xobeh
Qazlal
Ru
Sif Muna
Uskayaw
Vehumet
Wu Jian
Xom
Yredelemnul
Zin
The Shining One

Shops:
D:3 =   D:5 ?   D:7 =


Innate Abilities, Weirdness & Mutations

You have very sharp teeth.
You are dopey. (Int -2)
You are robust. (+10% HP)
You are covered in fur. (AC +1)
Your muscles are strong. (Str +4, Int/Dex -1)
You are vulnerable to cold. (rC-)
You occasionally lose the ability to drink potions when taking damage.
You passively dampen the noise of your surroundings.


Message History

The cane toad is lightly wounded.
You block the cane toad's attack.
You hit the cane toad but do no damage.
The cane toad is moderately wounded.
You barely miss the cane toad.
The cane toad is moderately wounded.
The cane toad stings you but does no damage.
You hit the cane toad but do no damage.
The cane toad is moderately wounded.
You hit the cane toad but do no damage.
The cane toad looks as sick as possible!
The cane toad is moderately wounded.
The cane toad stings you!
You feel threatened and lose the ability to drink potions!
You are poisoned.
The cane toad poisons you!
You cannot drink potions in your current state!
Unknown command.
Unknown command.
You hit the cane toad.
The cane toad looks as sick as possible!
The cane toad is heavily wounded.
You feel sick. The cane toad stings you.
* * * LOW HITPOINT WARNING * * *
You are lethally poisoned!
The cane toad poisons you!
As you read the scroll labelled YWAUGI LOEROCVU, it crumbles to dust.
The scroll dissolves into smoke.
It was a scroll of fog.
* * * LOW HITPOINT WARNING * * *
You feel extremely sick. The cane toad stings you!
* * * LOW HITPOINT WARNING * * *
You are more poisoned.
The cane toad poisons you!
You cannot drink potions in your current state!
Unknown command.
Unknown command.
As you read the scroll of fear, it crumbles to dust.
You assume a fearsome visage.
The cane toad looks frightened!
You die...

##P.#.##.## #....#
.........# #..#..
########.# #. ..#
#.### ###### # >##
#...###...P#
#..........#
#..####.#§§## ###
##.. ####§#
#.##.#(>.# #@# ?.
.........# #F## ...
.####....# #
#§§#####.. ##
##..####P##.........
..............#..
########.........
#...P####. #....#
#....#


You could see a cane toad (fleeing, extremely poisoned).

Vanquished Creatures
  A centaur warrior (D:8)
  2 cyclopes
  Joseph (D:7)
  A kobold demonologist (D:9)
  Psyche (D:9)
  A komodo dragon (Lair:1)
  A hornet (D:6)
  A polar bear (Lair:1)
  A wyvern (D:8)
  Eustachio (D:4)
  A vampire (D:8)
  6 yaks
  2 wargs (D:9)
  Duvessa (D:6)
  3 water moccasins
  2 ice beasts
  An orc warrior (D:8)
  2 sky beasts
  An ogre (D:6)
  A centaur (D:9)
  2 kobold brigands (D:9)
  2 bullfrogs
  2 scorpions
  5 wights (D:7)
  Dowan (D:6)
  A jelly (D:6)
  3 electric eels (D:6)
  A howler monkey (D:8)
  6 hounds
  2 orc priests (D:8)
  Jessica (D:2)
  2 iguanas
  2 orc wizards (D:9)
  Robin (D:2)
  12 adders
  3 river rats
  2 shadow imps
  2 white imps
  An ufetubus (D:4)
  2 worms
  2 dart slugs
  19 orcs
  6 endoplasms
  3 giant cockroaches
  19 goblins
  13 hobgoblins
  2 jackals (D:1)
  4 quokkas
  10 ball pythons
  10 bats
  10 frilled lizards
  21 kobolds
  18 rats
221 creatures vanquished.

Vanquished Creatures (others)
  A jelly (D:4)
1 creature vanquished.

Grand Total: 222 creatures vanquished

Notes
Turn   | Place    | Note
-------+----------+-------------------------------------------
     0 | D:1      | FallenXxXSky the Human Chaos Knight began the quest for the
                  | Orb.
     0 | D:1      | Reached XP level 1. HP: 18/18 MP: 1/1
   180 | D:1      | Reached XP level 2. HP: 24/24 MP: 2/2
   226 | D:1      | XOM: divination: detect items
   480 | D:1      | Reached XP level 3. HP: 29/29 MP: 3/3
  1082 | D:2      | Noticed Robin
  1107 | D:2      | XOM: give mutations
  1107 | D:2      | Gained mutation: You are dopey. (Int -2) [Xom's mischief]
  1107 | D:2      | Gained mutation: You are very dopey. (Int -4) [Xom's
                  | mischief]
  1109 | D:2      | Killed Robin
  1114 | D:2      | XOM: give mutations
  1114 | D:2      | Gained mutation: Your flesh is heat resistant. (rF+) [Xom's
                  | mischief]
  1114 | D:2      | Gained mutation: You occasionally lose the ability to drink
                  | potions when taking damage. [Xom's mischief]
  1114 | D:2      | Gained mutation: You have a pair of small horns on your
                  | head. [Xom's mischief]
  1114 | D:2      | Gained mutation: You are vulnerable to cold. (rC-) [Xom's
                  | mischief]
  1172 | D:2      | Reached XP level 4. HP: 33/35 MP: 4/4
  1334 | D:2      | XOM: potion effect (invisibility)
  1391 | D:2      | Reached skill level 1 in Short Blades
  1760 | D:2      | Got the Folio of the Assistive Lithosphere
  1773 | D:2      | Noticed Jessica
  1785 | D:2      | Killed Jessica
  1786 | D:2      | Reached XP level 5. HP: 32/41 MP: 5/5
  1956 | D:2      | XOM: 2-stop teleportation journey
  2092 | D:2      | XOM: give mutations
  2092 | D:2      | Gained mutation: You are robust. (+10% HP) [Xom's grace]
  2092 | D:2      | Gained mutation: You are covered in fur. (AC +1) [Xom's
                  | grace]
  2092 | D:2      | Gained mutation: You have very sharp teeth. [Xom's grace]
  2300 | D:3      | Found Hydd's Jewellery Emporium.
  2366 | D:3      | Found a hide-covered altar of Uskayaw.
  2386 | D:3      | Noticed an ice beast
  2398 | D:3      | XOM: divination: detect items
  2401 | D:3      | XOM: divination: magic mapping
  2410 | D:3      | Killed an ice beast
  2411 | D:3      | Reached XP level 6. HP: 27/52 MP: 6/6
  2567 | D:3      | XOM: god gift: flail {god gift}
  3207 | D:3      | XOM: god gift: 31 gold pieces
  3312 | D:4      | Found a staircase to the Ecumenical Temple.
  3317 | D:4      | XOM: cloud trail
  3325 | Temple   | Entered the Ecumenical Temple
  3526 | Temple   | Fell from the grace of Xom
  3526 | Temple   | Became a worshipper of Makhleb the Destroyer
  3623 | D:4      | Found a shadowy altar of Dithmenos.
  3858 | D:4      | Reached XP level 7. HP: 59/60 MP: 7/7
  3926 | D:4      | Noticed Eustachio
  3950 | D:4      | Killed Eustachio
  3951 | D:4      | Reached skill level 5 in Short Blades
  4018 | D:4      | XOM: summons 14 hostile demons
  4019 | D:4      | Noticed a chaos spawn
  4019 | D:4      | Noticed a red devil
  4046 | D:5      | Entered Level 5 of the Dungeon
  4116 | D:5      | XOM: give mutations
  4116 | D:5      | Gained mutation: You occasionally shout uncontrollably at
                  | your foes. [Xom's mischief]
  4116 | D:5      | Lost mutation: Your flesh is heat resistant. (rF+) [Xom's
                  | mischief]
  4230 | D:5      | Found Japneoqi's Magic Scroll Emporium.
  4247 | D:5      | Bought a scroll of identify for 30 gold pieces
  4247 | D:5      | Bought a scroll of teleportation for 45 gold pieces
  4427 | D:4      | Identified the +2 ring mail of the Heron {rC+ rCorr Stlth+}
  4745 | D:4      | XOM: give mutations
  4745 | D:4      | Gained mutation: You sometimes lose the ability to drink
                  | potions when taking damage. [Xom's mischief]
  4745 | D:4      | Gained mutation: Your body sometimes deteriorates upon
                  | taking damage. [Xom's mischief]
  4745 | D:4      | Gained mutation: Your system is resistant to poisons.
                  | (rPois) [Xom's mischief]
  4745 | D:4      | Lost mutation: Your body sometimes deteriorates upon taking
                  | damage. [Xom's mischief]
  4924 | D:5      | Noticed a yak
  4924 | D:5      | Noticed a yak
  5113 | D:5      | Reached skill level 5 in Fighting
  5547 | D:6      | Noticed a hornet
  5661 | D:6      | Reached XP level 8. HP: 52/68 MP: 8/8
  5719 | D:6      | Noticed Dowan
  5728 | D:6      | Noticed Duvessa
  5747 | D:6      | Killed Duvessa
  5749 | D:6      | Killed Dowan
  5749 | D:6      | Reached * piety under Makhleb
  6009 | D:6      | Killed a hornet
  6130 | D:6      | Reached XP level 9. HP: 69/75 MP: 9/9
  6155 | D:6      | Found a glowing drain.
  6172 | Sewer    | XOM: noise
  6172 | Sewer    | Entered a sewer
  6402 | Sewer    | Reached ** piety under Makhleb
  6442 | Sewer    | XOM: give mutations
  6442 | Sewer    | Lost mutation: You occasionally shout uncontrollably at
                  | your foes. [Xom's mischief]
  6442 | Sewer    | Lost mutation: Your system is resistant to poisons. (rPois)
                  | [Xom's mischief]
  6442 | Sewer    | Lost mutation: You sometimes lose the ability to drink
                  | potions when taking damage. [Xom's mischief]
  6742 | D:6      | XOM: give mutations
  6742 | D:6      | Lost mutation: You are very dopey. (Int -4) [Xom's
                  | mischief]
  6742 | D:6      | Gained mutation: Your muscles are strong. (Str +4, Int/Dex
                  | -1) [Xom's mischief]
  6742 | D:6      | Lost mutation: You have a pair of small horns on your head.
                  | [Xom's mischief]
  6742 | D:6      | Gained mutation: You passively dampen the noise of your
                  | surroundings. [Xom's mischief]
  7306 | D:7      | Noticed Joseph
  7347 | D:7      | Killed Joseph
  7348 | D:7      | Reached skill level 1 in Invocations
  7462 | D:7      | Found Rono's Jewellery Shoppe.
  7643 | D:7      | XOM: confusion
  7895 | D:7      | XOM: noise
  8196 | D:8      | Found a snail-covered altar of Cheibriados.
  8229 | D:8      | Reached skill level 5 in Armour
  8431 | D:8      | Found a basalt altar of Yredelemnul.
  8547 | D:8      | Reached XP level 10. HP: 59/86 MP: 12/12
  8625 | D:8      | XOM: torment (44/86 hp)
  9072 | D:9      | Found a radiant altar of Vehumet.
  9086 | D:9      | Found a staircase to the Orcish Mines.
  9337 | D:9      | Noticed a kobold demonologist
  9594 | D:9      | Identified the +9 spear "Dekuovah" {distort, Fly rC+ Will+
                  | MP+9}
  9614 | D:9      | Noticed Psyche
  9626 | D:9      | Killed Psyche
  9653 | D:9      | XOM: blink monster(s)
  9668 | D:9      | Noticed a cyclops
 10014 | D:8      | Killed a cyclops
 10065 | D:9      | Reached skill level 5 in Invocations
 10069 | D:9      | Found a staircase to the Lair.
 10070 | D:9      | Noticed a centaur warrior
 10105 | D:8      | XOM: noise
 10118 | D:8      | Killed a centaur warrior
 10294 | D:9      | Noticed a cyclops
 10328 | D:9      | Killed a cyclops
 10401 | D:9      | Killed a kobold demonologist
 10402 | D:9      | Reached XP level 11. HP: 89/95 MP: 15/15
 11364 | Lair:1   | Entered Level 1 of the Lair of Beasts
 11455 | Lair:1   | Found a stormy altar of Qazlal.
 11854 | Lair:1   | Reached skill level 5 in Long Blades
 11866 | Lair:1   | Succumbed to a cane toad's poison

Illustrated notes

Levels and vault maps discovered:
D:1:      eino_arrival_water_star, layout_basic
D:2:      layout_loops_corners, minmay_ruptured, uniq_robin, uniq_jessica
D:3:      layout_basic, mainiacjoe_overflow_surrounded_room, serial_shops,
          nicolae_shop_gaudy_bauble, lexackson_kobold_supper
D:4:      layout_cave_pods, nicolae_dithmenos_shadow_blocks,
          minmay_temple_entry_wispy, abandoned_shop, uniq_eustachio
D:5:      layout_basic, serial_shops, nicolae_shop_crystal,
          lightli_corner_chamber
D:6:      layout_cave_pools, portal_sewer_entry_c, serial_bayou,
          serial_bayou_shore_a, serial_bayou_pond_c, serial_bayou_shore_b,
          serial_bayou_lagoon_a, uniq_duvessa
D:7:      layout_basic, serial_shops, nicolae_shop_behind_doors,
          minmay_misc_feat_encased, nicolae_concentric_dashed_squares_wild,
          uniq_joseph
D:8:      layout_gridville, mainiacjoe_overflow_catwalk,
          mainiacjoe_overflow_alcove_1
D:9:      layout_rooms, grunt_qazlal_clouds, mainiacjoe_overflow_boulevard,
          erik_lair_orcish_takeover, orc_0_dummy, minmay_radiant, uniq_psyche
Temple:   hellmonk_temple_flake
Lair:1:   layout_loops_ring, basic_altar, chequers_serial_rivers_small_b,
          lemuel_fruit_tree

Skill      XL: |  1  2  3  4  5  6  7  8  9 10 11 |
---------------+----------------------------------+-----
Long Blades    | 4 5 |  5.0
Short Blades   | 2 3 4 5 7 9 |  9.5
Fighting       | 4 5 6 7 8 9 |  9.2
Armour         | 3 5 7 |  7.8
Invocations    | 3 6 |  6.9
Dodging        | |  1.0

Action                     |  1- 3 |  4- 6 |  7- 9 | 10-12 || total
---------------------------+-------+-------+-------+-------++-------
  Melee: Falchion          |    82 |       |       |       ||    82
         Punch             |     1 |     1 |     8 |    16 ||    26
         Dagger            |     5 |   216 |   464 |   476 ||  1161
         Headbutt          |     1 |    32 |    61 |       ||    94
         Bite              |       |    20 |    83 |   130 ||   233
         Short sword       |       |       |   122 |   215 ||   337
         Unarmed           |       |       |       |     7 ||     7
 Invoke: Minor Destruction |       |       |       |     1 ||     1
  Evoke: Piece from Xom's  |       |       |     2 |     1 ||     3
    Use: Scroll            |     3 |       |    10 |     6 ||    19
         Potion            |       |       |       |     3 ||     3
   Stab: Sleeping          |     1 |       |       |       ||     1
         Invisible         |       |     1 |       |     2 ||     3
         Petrified         |       |       |       |     3 ||     3
         Petrifying        |       |       |       |     2 ||     2
 Armour: Leather armour    |    26 |       |       |       ||    26
         Chain mail        |    11 |    88 |   184 |   198 ||   481
  Dodge: Dodged            |    48 |    64 |   255 |   244 ||   611
  Block: Other             |     3 |    34 |    91 |    94 ||   222
         Reflection        |       |     4 |     3 |     4 ||    11
